 Dungeon Crawl Stone Soup version 0.28.0-53-g5a82cb258f (webtiles) character file.

Game seed: 14175106720906078144

12 styxcanada the Sneak (level 2, -4/15 HPs)
             Began as a Spriggan Brigand on Aug 19, 2022.
             Slain by a hobgoblin (6 damage)
             ... led by Robin
             ... on level 2 of the Dungeon.
             The game lasted 00:02:36 (999 turns).

styxcanada the Sneak (Spriggan Brigand)              Turns: 999, Time: 00:02:37

Health: -4/15      AC:  3    Str:  7    XL:     2   Next: 20%
Magic:  3/3        EV: 16    Int: 12    God:
Gold:   89         SH:  0    Dex: 16    Spells: 1/1 levels left

rFire   . . .      SeeInvis +   a - +2 dagger
rCold   . . .      Faith    .   (no shield)
rNeg    . . .      Spirit   .   b - +0 robe
rPois   .          Reflect  .   (helmet restricted)
rElec   .          Harm     .   c - +0 cloak
rCorr   .          Rampage  .   (gloves unavailable)
Will    .....                   (boots unavailable)
Stlth   +++.......              (no amulet)
HPRegen 0.05/turn               (no ring)
MPRegen 0.08/turn               (no ring)

@: very quick
A: very small, no large weapons, unfitting armour, see invisible, speed 3
a: no special abilities


You were on level 2 of the Dungeon.
You visited 1 branch of the dungeon, and saw 2 of its levels.

You collected 89 gold pieces.

Inventory:

Hand Weapons
 a - a +2 dagger (weapon)
Missiles
 d - 8 poisoned darts (quivered)
 e - 2 curare-tipped darts
 i - 23 stones
Armour
 b - a +0 robe (worn)
 c - a +0 cloak (worn)
Jewellery
 m - a ring of wizardry
Scrolls
 f - a scroll of fear {unknown}
 k - a scroll of identify {unknown}
Potions
 g - a potion of curing {unknown}
 h - a potion of haste {unknown}
 j - 2 potions of mutation {unknown}
 l - 3 potions of brilliance {unknown}


   Skills:
 * Level 1.6 Fighting
 + Level 2.3 Short Blades
 + Level 2.0 Throwing
 * Level 1.5 Dodging
 * Level 6.5 Stealth


You had one spell level left.
You didn't know any spells.
Your spell library was empty.

Dungeon Overview and Level Annotations

Branches:
Dungeon (2/15)

Altars:

Annotations:
D:2 Robin


Innate Abilities, Weirdness & Mutations

You are very small and have problems with some larger weapons.
You are too small for most types of armour.
You have supernaturally acute eyesight. (SInv)
You cover ground extremely quickly. (Speed+++)


Message History

What level of the Dungeon? (default 1, ? - help)
There is a shaft here.
There is an open door here.
There is a stone staircase leading down here.
You climb downwards.
The goblin shouts!
The frilled lizard hisses angrily.
You hear a shout! x3
The goblin shouts!
Found a jade ring, a short sword, 21 stones and a scroll labelled MUOTZO ESSIN.
There is a stone staircase leading up here.
There are monsters nearby! 2 goblins and a hobgoblin come into view.
Found 11 sling bullets.
The goblin shouts! x3; The hobgoblin shouts!
You hear a shout!
A goblin comes into view. It is wielding a +0 club.
Robin roars a battlecry!
The goblins go into a battle-frenzy!
The goblin moves out of view.
You hear a shout!
You see here a ring of wizardry.
m - a ring of wizardry A goblin comes into view.
It is wielding a +0 dagger.
Robin throws the goblin at you! The goblin barely misses you.
You barely miss the goblin. The goblin misses you.
You hit the goblin.
The goblin is heavily wounded.
The goblin completely misses you.
You barely miss the goblin.
The goblin is heavily wounded.
The hobgoblin hits you. The goblin hits you with a +0 club.
* * * LOW HITPOINT WARNING * * *
The goblin barely misses you.
You hit the goblin.
You kill the goblin!
The frilled lizard bites you.
* * * LOW HITPOINT WARNING * * *
The goblin completely misses you. The goblin barely misses you.
Robin throws the goblin at you!
* * * LOW HITPOINT WARNING * * *
Found a stone staircase leading down.
The hobgoblin hits you.
You die...

.............#
#..?.........###
#...............
#...............
#..)g...........
#.....g.g.......
.......ggg.#....
#.....glg..# .
#......g@..#
#..........#
#.........##
#.#........
.......(....
.............
.............#
..........>.#


You could see Robin, 2 hobgoblins, 6 goblins and a frilled lizard.

Vanquished Creatures
  A dart slug (D:1)
  A giant cockroach (D:1)
  A goblin (D:2)
  A hobgoblin (D:1)
  3 bats (D:1)
  A frilled lizard (D:1)
  A kobold (D:1)
  2 rats (D:1)
11 creatures vanquished.

Notes
Turn   | Place    | Note
-------+----------+-------------------------------------------
     0 | D:1      | styxcanada the Spriggan Brigand began the quest for the
                  | Orb.
     0 | D:1      | Reached XP level 1. HP: 10/10 MP: 2/2
   176 | D:1      | Reached skill level 6 in Stealth
   300 | D:1      | Found a faded altar of an unknown god.
   597 | D:1      | Reached XP level 2. HP: 15/15 MP: 3/3
   989 | D:2      | Noticed Robin
   999 | D:2      | Slain by a hobgoblin

Illustrated notes

Levels and vault maps discovered:
D:1:      minmay_arrival_stone_box, layout_basic, basic_ecumenical_altar,
          grunt_decor_fettered
D:2:      layout_rooms, hex_tiny, uniq_robin

Skill      XL: |  1 |
---------------+----+-----
Stealth        | 6 |  6.5
Fighting       | |  1.6
Short Blades   | |  2.3
Throwing       | |  2.0
Dodging        | |  1.5

Action                   || total
-------------------------++-------
Melee: Dagger            ||    28
Throw: Dart              ||     3
 Stab: Sleeping          ||     2
Armor: Robe              ||     7
Dodge: Dodged            ||    20
